[Event "CCT Final-RR 2024"]
[Site "Oslo"]
[Date "2024.12.17"]
[Round "1"]
[White "Carlsen, Magnus"]
[Black "Keymer, Vincent"]
[Result "1-0"]
[ECO "A06"]
[WhiteElo "2831"]
[BlackElo "2733"]
[Annotator "TA"]
[PlyCount "130"]
[EventDate "2024.12.11"]
[EventType "tourn"]
[EventCountry "NOR"]
[SourceTitle "playchess.com"]
[Source "ChessBase"]
[SourceQuality "1"]
[TimeControl "600+2"]

1. Nf3 d5 2. e3 Nf6 3. b3 c5 4. Bb2 g6 5. Bb5+ Bd7 6. Bxf6 exf6 7. Bxd7+ Qxd7 8. c3 Nc6 9. d4 cxd4 10. cxd4 Bb4+ 11. Nfd2 Rc8 12. O-O O-O 13. a3 Bd6 14. Nc3 Ne7 15. Ne2 Rc6 16. b4 Rfc8 17. Rc1 Rxc1 18. Nxc1 Qc7 19. g3 Qc2 20. Ncb3 Qd3 21. Qb1 Qa6 22. Qb2 b6 23. Rc1 Rxc1+ 24. Nxc1 h5 25. Qb3 Qc8 26. Ne2 h4 27. Nc3 Qf5 28. Qb1 {[%emt 0:00:16] And now Qxf5 would win.} Qg4 29. Kg2 hxg3 30. hxg3 Kg7 31. Qd1 (31. Qd3 {seems wilder.} Bb8 32. Qb5 Bd6 33. Nf1) 31... Qxd1 32. Nxd1 $11 {[%emt 0:00:00][%mdl 4096] Endgame KBN-KNN} f5 33. Nc3 Kf6 34. Nf3 g5 35. Kf1 g4 36. Ne1 Ke6 37. Nd3 Ng8 38. Ke2 Nf6 39. Kd2 Ne4+ 40. Kc2 Nf6 41. a4 Ne4 42. Kb3 Nd2+ 43. Kb2 Ne4 44. Kc2 a6 45. Ne2 Kd7 46. Nec1 Kc6 47. Nb3 Kc7 48. Nbc1 Kc6 49. Na2 Kd7 50. Nc3 Ke6 51. a5 b5 (51... bxa5 $11 52. bxa5 Bc7) 52. Nd1 Kd7 53. Nc5+ Bxc5 54. dxc5 {[%emt 0:00:01] KN-KN} Kc7 $2 {[%emt 0:00:02] [#]} (54... f6 $14) 55. Kd3 $1 $18 Kc6 56. Kd4 f6 57. Nc3 Nxc3 $2 (57... Nd2 $18 58. Ne2 (58. Nxd5 $2 {too greedy.} Nf3+ 59. Kd3 Kxd5 $19) 58... Nf3+ 59. Kc3 Ng5 60. Nd4+ Kd7) 58. Kxc3 {[%emt 0:00:01] KP-KP} Kc7 59. Kd3 (59. Kc2 $142 Kb7 60. Kc3 Kc7 61. f3 gxf3 62. Kd2 Kd8 63. Ke1 Ke7 64. Kf2) 59... Kd7 60. Ke2 Kc7 61. f3 Kd7 62. fxg4 fxg4 63. Kd3 f5 64. Kd4 Ke6 65. c6 Kd6 1-0

[Event "CCT Final-RR 2024"]
[Site "Oslo"]
[Date "2024.12.17"]
[Round "1"]
[White "Firouzja, Alireza"]
[Black "Aronian, Levon"]
[Result "1-0"]
[ECO "B90"]
[WhiteElo "2763"]
[BlackElo "2747"]
[Annotator "TA"]
[PlyCount "81"]
[EventDate "2024.12.11"]
[EventType "tourn"]
[EventCountry "NOR"]
[SourceTitle "playchess.com"]
[Source "ChessBase"]
[SourceQuality "1"]
[TimeControl "600+2"]

1. e4 c5 2. Nf3 d6 3. d4 cxd4 4. Nxd4 Nf6 5. Nc3 a6 6. Bd3 e5 7. Nde2 Be7 8. O-O Be6 9. f4 exf4 10. Nxf4 Nc6 11. Be3 Ne5 12. a4 O-O 13. Qe1 Rc8 (13... d5 {simplifies} 14. Nxe6 fxe6 15. exd5 Nxd3 16. cxd3 Nxd5 17. Rxf8+ Bxf8 18. Rd1 Qd7) 14. a5 Nfd7 15. Ncd5 Bg5 16. Bd4 Nc5 17. Qg3 Bh4 18. Qe3 $1 Bg5 19. Qe2 Bh6 20. b4 (20. Nxe6 {looks sharper.} fxe6 21. Rxf8+ Qxf8 22. Rf1) 20... Ncd7 21. h3 Re8 22. Rf2 Nc6 23. Bb2 Bxf4 24. Nxf4 Nxb4 25. Nxe6 Rxe6 (25... fxe6 $11 26. Bc4 Re7) 26. Bc4 $16 d5 {[%emt 0:00:55] [#]} 27. Qf3 $1 $18 Nf6 (27... Ne5 28. Bxe5) 28. exd5 $40 {[%emt 0:00:10][%mdl 128] Black is in trouble.} Rd6 29. Bb3 (29. Qg3 $142) 29... Nbxd5 30. Rd1 Ne7 31. Rxd6 Qxd6 32. Qxb7 Rb8 (32... h6 $16 33. Rf1 Rb8) 33. Qa7 Re8 34. Rf1 Rf8 35. Qb6 Nc6 36. Qe3 $2 {[%emt 0:00:18] Against Ne4} (36. Qxa6 $18 {Hoping for Qb5.} Nh5 37. Qb6) 36... Nxa5 (36... Re8 $16 37. Qb6 Re7 38. Qxa6 Qc5+ 39. Kh1 Nxa5) 37. Ba3 $1 {[%emt 0:00:01] This pair of bishops is nice.} Re8 $2 (37... Qxa3 $2 {too greedy.} 38. Bxf7+ Rxf7 39. Qxa3 $18) (37... Qc7) 38. Qxe8+ ({Weaker is} 38. Bxd6 Rxe3 39. Ba2 Re8 $11) 38... Nxe8 39. Bxf7+ Kh8 40. Bxd6 Nxd6 41. Bd5 1-0

[Event "CCT Final-RR 2024"]
[Site "Oslo"]
[Date "2024.12.17"]
[Round "1"]
[White "Nepomniachtchi, Ian"]
[Black "So, Wesley"]
[Result "1-0"]
[ECO "C55"]
[WhiteElo "2755"]
[BlackElo "2747"]
[Annotator "TA"]
[PlyCount "144"]
[EventDate "2024.12.11"]
[EventType "tourn"]
[EventCountry "NOR"]
[SourceTitle "playchess.com"]
[Source "ChessBase"]
[SourceQuality "1"]
[TimeControl "600+2"]

1. e4 e5 2. Nf3 Nc6 3. Bc4 Nf6 4. d3 Be7 5. O-O O-O 6. Nbd2 d5 7. exd5 Nxd5 8. Re1 f6 9. a4 Kh8 10. h3 Bf5 11. Nh4 Be6 12. Nf1 Qd7 13. Ng3 Rad8 14. Bd2 a6 15. a5 g6 16. Nf3 Rfe8 17. Ne4 Bg8 18. Qc1 Ndb4 19. Bxg8 Kxg8 20. Be3 f5 21. Nc5 Qd5 22. Na4 Bf6 23. Nc3 Qd6 24. Ra4 Nd4 25. Bxd4 exd4 26. Ne2 c5 27. Qd2 Re7 28. Raa1 Rde8 29. Rad1 Nc6 30. Ng3 Qc7 31. Rxe7 Rxe7 32. Ra1 Kg7 33. Ne2 Re8 34. Nf4 Qd6 35. g3 Bd8 36. h4 h6 37. Kg2 g5 38. hxg5 hxg5 39. Ne2 g4 40. Nh2 Rh8 41. Nf4 Ne5 42. Qe2 Bc7 43. Rh1 Qc6+ 44. Kg1 Kf7 45. Qf1 Rxh2 46. Rxh2 Nf3+ 47. Kh1 Bxf4 (47... Nxh2+ $17 48. Kxh2) 48. gxf4 $15 Nxh2+ 49. Kxh2 Qf3 50. Qg2 $2 (50. Qe1 $15) 50... Qxf4+ $19 51. Kg1 Qc1+ 52. Kh2 Qh6+ $2 (52... Qxc2 53. Qxb7+ Kg6 54. Qxa6+ Kg5 55. Kg2 $11) (52... Qxb2 53. Qd5+ Kg6 54. Qg8+ Kf6 55. Qd8+ Kg6 56. Qd6+ Kg5 57. Kg3 $11) (52... Kg6 $19 53. Qxb7 Qf1 (53... Qxc2 54. Qxa6+ Kg5 55. Kg2 $11)) 53. Kg1 $1 $11 Qc1+ $2 (53... Qc6 $11 54. Qh2 Kg6) 54. Kh2 $19 Qf4+ $2 (54... Qxc2 55. Qxb7+ Kf6 56. Qxa6+ Kg5 57. Kg2 $11) (54... Qxb2 55. Qd5+ Kf6 56. Qd6+ Kg5 57. Kg3 $11) (54... Kg6 $19 55. Qxb7 Qf1 (55... Qxc2 56. Qxa6+ Kg5 57. Kg2 $11)) 55. Kg1 $1 $11 Qc7 (55... Qc1+ 56. Kh2 $17) 56. Qh1 Kg6 (56... Qxa5 57. Qxb7+ Kf6 58. Kg2) 57. Qh8 Qf7 58. Qe5 Qf8 59. Qc7 Qe8 60. Qxb7 Qe1+ 61. Kg2 f4 ({Black should play} 61... Qxa5 $11 62. b3 Qc3) 62. Qd5 (62. Qxa6+ Kg5 63. Qc6 f3+ (63... Qxa5 64. Qc8 $16)) ({Better is} 62. Qd7 $1 $14 g3 (62... Qxa5 $2 63. Qxg4+ Kf6 64. Qxf4+ Ke6 65. Qg4+ Kd6 66. Qg6+ Kc7 67. Qf7+ Kd6 68. Qf8+ Kc6 69. Qc8+ Kd6 70. Qb8+ Kc6 71. Qe8+ Kd6 72. Qg6+ Kc7 73. Qf5 $18) (62... f3+ 63. Kg3 $16) 63. Qg4+ Kh7 64. Qxf4 (64. fxg3 Qd2+ 65. Kh3 fxg3 $16) 64... gxf2 65. Qxf2) 62... f3+ $11 (62... Qxa5 63. Qe6+ Kg5 64. Qe5+ Kh4 65. Qf6+ (65. Qxf4 Qb6 $16) 65... Kh5 66. Qf5+ (66. Qxf4 Qd8 $16) 66... Kh4 67. Qxf4 $16) 63. Kg3 Qg1+ (63... Qxa5 $2 64. Qe6+ (64. Kxg4 Qe1 $18) 64... Kg7 65. Qxg4+ (65. Kxg4 Qa1 $18) 65... Kf6 66. Qxf3+ (66. Kxf3 Qa4 $18) 66... Ke7 67. Qc6 $18) 64. Kf4 Qxf2 (64... Qc1+ $11 {keeps the balance.} 65. Ke4 (65. Kxg4 Qg1+ 66. Kf4 Qh2+ 67. Kg4 Qg1+ 68. Kf4 Qh2+ 69. Kg4 Qg2+ 70. Kf4 Qh2+ $11) 65... Qe1+ (65... Qxc2 $2 66. Qf5+ Kg7 67. Qxg4+ Kh7 68. Qxf3 $16) 66. Kf4 Qc1+ (66... Qxf2 67. Qf5+ Kg7 68. Qxg4+ Kf6 69. Qf5+ Kg7 70. Qg5+ Kf7 71. Qd5+ Kg7 72. Qb7+ Kf6 73. Qxa6+ Ke7 74. Qb7+ Kd6 75. Qxf3 $16)) 65. Qf5+ $16 Kg7 66. Qxg4+ ({Much weaker is} 66. Kxg4 $6 Qg2+ (66... Qxc2 67. Kxf3 Qd2 68. Qd7+ Kf6 69. Qd6+ Kf7 70. Qxa6 $11) 67. Kh4 Qh2+ (67... Qxc2 68. Qd7+ Kf8 69. Qd8+ Kf7 70. Qd7+ Kf8 71. Kg5 $11) 68. Kg4 Qg2+ (68... Qxc2 69. Kxf3 Qd1+ 70. Ke4 $11) 69. Kh4 Qh2+ 70. Kg4 Qg2+ $11) 66... Kf7 $2 (66... Kf6 $16) 67. Qxf3 $18 Qxc2 68. Ke5+ Kg7 69. Qf6+ Kh7 70. Qxa6 Qxb2 (70... c4 $142 71. Qxc4 (71. Kxd4 Qxd3+ 72. Kc5 Qe3+ 73. Kb5 Qe5+ 74. Ka4 Qxb2 $16) (71. Qb7+ Kh6 $18) 71... Qxc4 72. dxc4 d3) 71. Qc4 $2 ({Weaker is} 71. Qa7+ Kg8 $18) (71. Kd5 $18 Qg2+ 72. Kxc5) 71... Qc3 $2 (71... Qb8+ $14 72. Kd5 Qd8+ 73. Kxc5 Qxa5+ 74. Kxd4 Qa7+ 75. Ke5 Qb8+ 76. Ke4 Qe8+ 77. Kd4 Qh8+ 78. Ke3 Qd8) 72. Qf7+ Kh6 1-0

[Event "CCT Final-RR 2024"]
[Site "Oslo"]
[Date "2024.12.17"]
[Round "1"]
[White "Aronian, Levon"]
[Black "Firouzja, Alireza"]
[Result "1/2-1/2"]
[ECO "C65"]
[WhiteElo "2747"]
[BlackElo "2763"]
[Annotator "TA"]
[PlyCount "108"]
[EventDate "2024.12.11"]
[EventType "tourn"]
[EventCountry "NOR"]
[SourceTitle "playchess.com"]
[Source "ChessBase"]
[SourceQuality "1"]
[TimeControl "600+2"]

1. e4 e5 2. Nf3 Nc6 3. Bb5 Nf6 4. d3 Bc5 5. Bxc6 dxc6 6. c3 (6. Nxe5 $2 {perishes.} Qd4 7. Qe2 Qxe5 $19) 6... Bd6 7. h3 h6 8. Be3 Be6 9. Nbd2 Qe7 10. Nf1 O-O-O 11. Ng3 Kb8 12. Qc2 c5 (12... Nd7 $15 {deserves consideration.}) 13. Nd2 g6 14. b3 Nd7 {[%emt 0:00:12] [#] Threatens to win with ...f5.} 15. Ne2 f5 {[%emt 0:00:30] ...f4 is the strong threat.} 16. f3 f4 17. Bf2 g5 18. O-O-O h5 19. d4 cxd4 20. cxd4 exd4 21. Nxd4 Ne5 22. Kb1 Bc8 23. Nf5 Qe6 24. Bd4 b6 25. Nc4 Nxc4 $1 26. Qxc4 Qxc4 27. bxc4 Rhf8 28. Nxd6 Rxd6 29. c5 Rc6 30. cxb6 axb6 31. Rc1 Rxc1+ 32. Rxc1 $11 {[%emt 0:00:02][%mdl 4096] Endgame. KRB-KRB} Kb7 33. Be5 Rf7 34. Kb2 Be6 35. a3 Rd7 36. Kc3 c5 37. Rc2 Kc6 38. Rd2 b5 39. Rxd7 Kxd7 {[%emt 0:00:02] KB-KB} 40. Kd2 Bc4 41. Ke1 Ke6 42. Bc3 h4 43. Ba5 Kf7 44. Kf2 b4 45. axb4 cxb4 46. Bxb4 Kg6 47. Be7 Bb5 48. Ke1 Bc4 49. Bd8 Bb5 50. e5 Bc4 {[%emt 0:00:02] The position is equal.} 51. Kf2 Kf5 52. Bf6 Bd5 53. Be7 Bc4 54. Ke1 Bd5 {[%emt 0:00:05] Weighted Error Value: White=0.06 (flawless) /Black=0.06 (flawless) .  Mistake:       	---       	Black=1      Inaccurate:     	White=3     	Black=2      OK:         	White=16    	Black=22     Strong:       	---       	Black=1} 1/2-1/2

[Event "CCT Final-RR 2024"]
[Site "Oslo"]
[Date "2024.12.17"]
[Round "1"]
[White "So, Wesley"]
[Black "Nepomniachtchi, Ian"]
[Result "1/2-1/2"]
[ECO "A20"]
[WhiteElo "2747"]
[BlackElo "2755"]
[Annotator "TA"]
[PlyCount "91"]
[EventDate "2024.12.11"]
[EventType "tourn"]
[EventCountry "NOR"]
[SourceTitle "playchess.com"]
[Source "ChessBase"]
[SourceQuality "1"]
[TimeControl "600+2"]

1. c4 e5 2. g3 c6 3. d4 Bb4+ 4. Bd2 Bxd2+ 5. Qxd2 d6 6. Nc3 Nf6 7. e4 O-O 8. Bg2 b5 9. cxb5 cxb5 10. Nge2 b4 11. Nd5 Nxd5 12. exd5 exd4 13. O-O (13. Qxb4 Re8 14. Qxd4 Ba6 $19) (13. Qxd4 Re8 14. Be4 Ba6 $17) 13... Ba6 14. Rfe1 Bxe2 15. Rxe2 a5 16. Qxd4 Nd7 17. Rae1 Rc8 18. h4 h6 19. Bh3 Ne5 20. Kg2 Rc4 21. Qd2 Rc5 22. b3 Qa8 23. Rd1 Rc3 24. Re3 Rxe3 25. Qxe3 Re8 26. Qb6 Qd8 27. Qxd8 Rxd8 28. f4 Nd7 29. Bxd7 Rxd7 30. Rc1 Ra7 31. Rc8+ Kh7 32. Kf3 f5 {[%emt 0:00:38] [#]} ({Black should play} 32... a4) 33. h5 (33. Ke3 $142 $1) 33... a4 $16 34. Rc4 axb3 35. axb3 Ra5 36. Rd4 (36. Rxb4 $16 {Rb7 would now be deadly.} Rxd5 37. Ke2) 36... g6 $11 37. Rxb4 gxh5 38. Rd4 Kg6 39. Rd3 Rb5 40. Ke3 h4 41. gxh4 Kh5 42. Kd4 Kxh4 43. Kc4 Rc5+ 44. Kd4 Rb5 45. Kc4 Rc5+ 46. Kd4 1/2-1/2

[Event "CCT Final-RR 2024"]
[Site "Oslo"]
[Date "2024.12.17"]
[Round "1"]
[White "Keymer, Vincent"]
[Black "Carlsen, Magnus"]
[Result "1/2-1/2"]
[ECO "E25"]
[WhiteElo "2733"]
[BlackElo "2831"]
[Annotator "TA"]
[PlyCount "87"]
[EventDate "2024.12.11"]
[EventType "tourn"]
[EventCountry "NOR"]
[SourceTitle "playchess.com"]
[Source "ChessBase"]
[SourceQuality "1"]
[TimeControl "600+2"]

1. d4 Nf6 2. c4 e6 3. Nc3 Bb4 4. f3 d5 5. a3 Bxc3+ 6. bxc3 c5 7. cxd5 Nxd5 8. dxc5 Qa5 9. e4 Nc7 (9... Nxc3 10. Qd2 Nc6 11. Bb2 $11) (9... Qxc3+ $6 10. Bd2 Qe5 11. Ne2 $16) 10. Be3 {[%emt 0:00:15] Black is weak on the dark squares} O-O 11. Kf2 Nc6 12. Qb3 e5 13. Bc4 Ne6 (13... Na6 $11) 14. Ne2 ({White should play} 14. a4 $1 $14) 14... Nxc5 $11 15. Qb5 Qxb5 16. Bxb5 {[%emt 0:00:02] This pair of bishops is nice.} Nb3 17. Rab1 Be6 18. Rhd1 Rfd8 19. Rxd8+ Rxd8 20. c4 Nca5 21. Bxa7 Nd2 22. Rb4 Ra8 23. Be3 Ndxc4 24. a4 Rc8 25. Bc1 f6 26. Rb1 Nd6 27. Bd3 Bc4 28. Bxc4+ Rxc4 29. Ba3 Nc8 30. Rb4 Rc2 31. Rb5 Nc4 32. Bb4 b6 33. Rd5 {[%emt 0:00:02] Black must now prevent Rd8+.} Nb2 $1 34. Kf1 Nxa4 35. Ng3 g6 36. Rd7 b5 37. Rb7 Ncb6 38. h4 {[%emt 0:00:03] [#]} (38. Ne2 $17) 38... Nc4 $1 $19 {[%emt 0:00:02] and ...Ne3+ should not be overlooked} 39. Kg1 Ne3 40. Kh1 {[%emt 0:00:02] [#]} Nxg2 $2 ({But not} 40... Rxg2 41. Nf1 Re2 (41... Nxf1 $2 {perishes.} 42. Kxg2 Ne3+ 43. Kf2 $18) 42. Nxe3 Rxe3 43. Kg2 $15) (40... Nb2 $1 $19 41. Rb8+ Kg7 42. Rb7+ Kg8) 41. Rb8+ $11 Kf7 (41... Kg7 $5 42. Rb7+ $8 Kg8 43. Rb8+ Kf7 44. Rb7+ Ke8 (44... Kg8 45. Rb8+ $15) 45. Re7+ Kd8 46. Rxh7 Nf4 47. Be7+ Kd7 $15) 42. Rb7+ Kg8 43. Rb8+ Kf7 44. Rb7+ 1/2-1/2

[Event "CCT Final-RR 2024"]
[Site "Oslo"]
[Date "2024.12.17"]
[Round "1"]
[White "Vachier-Lagrave, Maxime"]
[Black "Lazavik, Denis"]
[Result "1/2-1/2"]
[ECO "E20"]
[WhiteElo "2731"]
[BlackElo "2578"]
[Annotator "TA"]
[PlyCount "64"]
[EventDate "2024.12.11"]
[EventType "tourn"]
[EventCountry "NOR"]
[SourceTitle "playchess.com"]
[Source "ChessBase"]
[SourceQuality "1"]
[TimeControl "600+2"]

1. d4 Nf6 2. c4 e6 3. Nc3 Bb4 4. f3 d5 5. a3 Be7 6. e4 dxc4 7. Be3 b5 8. Nxb5 Ba6 9. Nc3 (9. Bxc4 c6 10. e5 cxb5 $15 (10... Bxb5 11. exf6 Bxf6 12. Qd3 $15)) 9... O-O 10. Nh3 {[%emt 0:00:06] [#]} (10. Qa4 $11) 10... c5 $1 $15 11. dxc5 (11. d5 exd5) 11... Qc7 (11... Nfd7 $1 $17 12. Na4 Qa5+ 13. Bd2 Qc7) 12. Qc2 (12. Qa4 $1 $11) 12... Bxc5 $17 13. Bxc5 Qxc5 14. Qf2 Qa5 15. Be2 Nc6 16. O-O Rab8 17. Rab1 Rfd8 18. Rfd1 {[%emt 0:00:38] Wards off Rd2} Rxd1+ 19. Nxd1 h6 20. Bf1 Nd7 21. Rc1 Nb6 22. Nf4 ({White should play} 22. Qe3 $15) 22... Ne5 23. Qe3 {[%emt 0:00:56] [#]} Rd8 ({Better is} 23... Na4 $1 $17 24. Qxa7 Rb6) 24. Nc3 Nd3 25. Rd1 Qg5 26. h4 Qxh4 {[%emt 0:00:16] and ...Qg5 would now be decisive} (26... Qxf4 $2 {too greedy.} 27. Qxf4 Nxf4 28. Rxd8+ Kh7 29. a4 $18) 27. Nxd3 cxd3 28. Bxd3 Bxd3 29. Rxd3 {[%emt 0:00:01] [#]} Rxd3 (29... Nc4 $1 $17 30. Rxd8+ Qxd8 31. Qxa7 Nxb2) 30. Qxd3 $15 {[%emt 0:00:01] KQN-KQN} Qe1+ 31. Kh2 Qh4+ 32. Kg1 Qe1+ 1/2-1/2

[Event "CCT Final-RR 2024"]
[Site "Oslo"]
[Date "2024.12.17"]
[Round "1"]
[White "Lazavik, Denis"]
[Black "Vachier-Lagrave, Maxime"]
[Result "1-0"]
[ECO "E61"]
[WhiteElo "2578"]
[BlackElo "2731"]
[Annotator "TA"]
[PlyCount "199"]
[EventDate "2024.12.11"]
[EventType "tourn"]
[EventCountry "NOR"]
[SourceTitle "playchess.com"]
[Source "ChessBase"]
[SourceQuality "1"]
[TimeControl "600+2"]

1. d4 Nf6 2. Nf3 g6 3. c4 Bg7 4. e3 O-O 5. Be2 c5 6. d5 d6 7. Nc3 e6 8. Nd2 b5 9. dxe6 ({Of course not} 9. cxb5 $6 Nxd5 10. Nxd5 exd5 $15) 9... Bxe6 10. cxb5 {[%emt 0:00:02] The position is equal.} d5 11. O-O Nbd7 12. Nf3 h6 13. a4 Qc7 14. a5 Rad8 15. Ra4 Rfe8 16. Bd2 Ng4 {[%emt 0:00:57] [#]} ({Better is} 16... Ne5 $11) 17. Nxd5 $1 $14 Bxd5 18. Rxg4 Nf6 (18... Ne5 $142 19. Nxe5 Bxe5) 19. Ra4 $16 Ne4 20. Qc2 c4 21. Bxc4 Nd6 22. Bb3 Qxc2 23. Bxc2 Nxb5 {[%emt 0:00:01][%cal Od5f3] aiming for ...Bxf3!} 24. Bc1 Rb8 (24... Re7 $142) 25. Rd1 (25. e4 $142 $1 Ba8 26. Rd1) 25... Be6 26. Ra1 Rec8 27. Bd3 Bb3 28. Re1 Rd8 29. Bxb5 Rxb5 {[%emt 0:00:01] [#]} 30. Nd4 $1 Rb7 (30... Bxd4 31. exd4) 31. a6 Rb6 32. Bd2 {[%emt 0:00:01] Ba5 would now be deadly.} Rd7 33. Bc3 Bc4 34. Ra4 Bd3 35. Rea1 Rdd6 36. h3 Bf8 37. Nf3 Rxa6 38. Rxa6 Rxa6 39. Rxa6 Bxa6 {[%emt 0:00:01][%mdl 4096] Endgame. KBB-KBN} 40. Bd4 Bb7 41. Bxa7 f6 42. Bd4 Kf7 43. Nd2 Ke6 44. f3 f5 45. Kf2 Bd5 46. Nb1 Bb4 47. Nc3 Bxc3 48. Bxc3 {[%emt 0:00:02] KB-KB} g5 $2 {[%emt 0:00:10] [#]} (48... Kd6 $16 {was necessary.} 49. Kg3 Bc4) 49. g4 $1 $18 fxg4 $2 (49... Bc4 50. Bg7 h5 51. gxh5 Kf7) 50. hxg4 Kf7 {[%emt 0:00:01] Inhibits Bg7.} 51. e4 Bb3 52. Ke3 Kg6 53. f4 gxf4+ 54. Kxf4 Kf7 55. Bb4 Be6 56. Bc5 Bc8 57. b4 Bd7 58. Be3 Kf6 59. Bd4+ Kf7 60. Bc3 Kg6 61. Bd2 Kf7 (61... Kg7 $142 62. Kg3 Kg6) 62. g5 $2 (62. Ke5 $18 {is the precise move to win.}) 62... hxg5+ $16 63. Kxg5 Ke6 64. Kf4 Kd6 65. Ke3 Bb5 66. Kd4 Bf1 67. Bf4+ Kc6 68. Ke5 Bd3 69. Bd2 Bc2 70. Kf4 Bb1 71. Ke3 Bc2 72. Kd4 Bb1 73. Bc3 Bc2 74. e5 Bf5 75. Ke3 {[%emt 0:00:00] Threatening mate with Kf4.} Kd5 76. Kf4 Bd7 77. Bd2 Kd4 78. Be1 Kd5 79. Bf2 Kc4 80. Bc5 {[%emt 0:00:02] White threatens Kg5 and mate.} Kd5 81. Bd6 Kc6 $2 {[%emt 0:00:23][%mdl 8192] [#]} (81... Be6 $16) 82. Kg5 $1 Be6 83. Kf6 Bc4 84. Ke7 Kd5 85. e6 $2 (85. Kf7 {mates} Kc6+ 86. Ke7 Kd5 87. Bc7 Bf1 88. Kf7 Kc6 89. Bb8 Kb5 90. Bd6) 85... Kc6 $2 (85... Be2 $11) 86. Bc5 Bb3 87. Kf6 Bc4 88. e7 Kd7 89. Ke5 Bf1 90. Kf6 Bc4 $1 91. Bf2 {[%emt 0:00:01] White mates.} Ke8 92. Bh4 Kd7 93. Ke5 Bf7 94. b5 Be8 95. Kd5 Kc7 96. Kc5 Kb7 97. b6 Kc8 98. Kd6 Ba4 99. Ke6 Kb7 100. Bf2 {[%emt 0:00:01] Weighted Error Value: White=0.11 (very precise) /Black=0.22 (precise) .  Loses game:     	---       	Black=2      Missed win:     	White=1     	---        Mistake:       	White=1     	Black=5      Inaccurate:     	White=4     	Black=3      OK:         	White=21    	Black=20     Best:        	White=7     	Black=3      Strong:       	White=2     	---        Brilliant:      	White=1     	---} 1-0

[Event "CCT Final-RR 2024"]
[Site "Oslo"]
[Date "2024.12.17"]
[Round "2"]
[White "Carlsen, Magnus"]
[Black "Nepomniachtchi, Ian"]
[Result "1-0"]
[ECO "C42"]
[WhiteElo "2831"]
[BlackElo "2755"]
[Annotator "TA"]
[PlyCount "91"]
[EventDate "2024.12.11"]
[EventType "tourn"]
[EventCountry "NOR"]
[SourceTitle "playchess.com"]
[Source "ChessBase"]
[SourceQuality "1"]
[TimeControl "600+2"]

1. e4 e5 2. Nf3 Nf6 3. Nxe5 d6 4. Nf3 Nxe4 5. Nc3 Nxc3 6. dxc3 Be7 7. Bf4 Nd7 8. Qd2 O-O 9. O-O-O Nc5 10. h4 Re8 11. Bc4 Be6 (11... Bg4 $5) 12. Bxe6 Nxe6 13. Be3 c6 14. c4 Bf8 15. h5 a6 16. h6 g6 17. Qc3 Qe7 18. Rhe1 f5 19. Kb1 Qf7 (19... f4 $2 20. Bxf4 Qc7 21. Bc1 $18) 20. Bc1 f4 21. Rh1 (21. b4 $16 Bxh6 22. Rxd6) 21... Be7 (21... Nc5 $11 {should be considered.}) 22. Rhe1 Bf8 $1 23. g4 (23. b4 $14 Bxh6 24. Rxd6) 23... Bxh6 $11 24. Rxd6 Bg7 25. Qa5 Nf8 26. b3 Rxe1 27. Qxe1 Re8 28. Qd2 Qe7 29. Bb2 Qe2 30. Qxf4 Qf1+ (30... Qxf2 $2 31. Bxg7 Kxg7 32. Rf6 $18) 31. Qc1 Qxf2 32. Bxg7 Kxg7 (32... Qxf3 {simplifies} 33. Bf6 Re6 34. Rxe6 Nxe6 35. g5 h6) 33. Qf4 Re6 (33... Kg8 $11 34. Rd3 Re1+ 35. Kb2 Re2) 34. Rd8 $16 Qc5 35. Rb8 Qe7 {[%emt 0:00:12] [#]} 36. g5 $1 c5 37. a4 a5 38. Qd2 (38. Rc8 $16 {and Rc7 should not be overlooked} Kg8 39. Ne5 Rxe5 40. Rxf8+ Qxf8 41. Qxe5) 38... b6 $14 39. Qc3+ (39. Kb2 {seems wilder.} Qc7 40. Rd8 Re7 41. Qc3+) 39... Kg8 40. Qd2 Qc7 41. Rd8 Qf7 42. Qd5 Kg7 (42... Re3 $11 43. Nd2 Re2) 43. Rb8 Nd7 $2 {[%emt 0:00:08][%mdl 8192] [#]} (43... Qf5 $16 44. Rb7+ Kh8) 44. Rb7 $1 $18 Re7 45. Qd6 Kf8 46. Rxd7 1-0

[Event "CCT Final-RR 2024"]
[Site "Oslo"]
[Date "2024.12.17"]
[Round "2"]
[White "Firouzja, Alireza"]
[Black "So, Wesley"]
[Result "0-1"]
[ECO "A13"]
[WhiteElo "2763"]
[BlackElo "2747"]
[Annotator "TA"]
[PlyCount "64"]
[EventDate "2024.12.11"]
[EventType "tourn"]
[EventCountry "NOR"]
[SourceTitle "playchess.com"]
[Source "ChessBase"]
[SourceQuality "1"]
[TimeControl "600+2"]

1. Nf3 d5 2. c4 e6 3. g3 Nf6 4. Bg2 d4 5. O-O Nc6 6. e3 e5 7. d3 Bg4 (7... Bc5 $11 {is superior.}) 8. h3 Bxf3 9. Bxf3 dxe3 10. Bxe3 Qd7 11. Nc3 Be7 12. Qa4 O-O 13. Kg2 Rfd8 14. Rad1 Nd4 15. Qxd7 (15. Bxb7 $16 {Black must now prevent Qxd7.} Rab8 16. Bxd4 (16. Qxa7 $2 c6 $19) 16... Qxd4 17. Qc6) 15... Rxd7 $11 16. Bxb7 Rb8 17. Be4 ({Of course not} 17. Bxd4 exd4 18. Bc6 dxc3 19. Bxd7 Nxd7 20. bxc3 Nb6 $11) 17... Rxb2 18. Rb1 Nxe4 (18... Rc2 {is more complex.} 19. Nd5 Nxd5 20. Bxd5 Nf5) 19. dxe4 Rc2 20. Nd5 f6 21. Rb7 Rxa2 22. Rfb1 Ne6 23. Nxe7+ Rxe7 24. Rxa7 Rxa7 25. Bxa7 {[%emt 0:00:01][%mdl 4096] Endgame KRB-KRN} c5 26. Bb8 Rd7 27. Rb6 (27. h4 $11) 27... Ng5 $17 28. Rc6 (28. f4 $142 exf4 (28... Nxe4 29. fxe5 Rd4 30. h4 $11) 29. Bxf4 Nxe4 30. h4) 28... Nxe4 29. Kf3 Rd4 30. h4 (30. Rc8+ $17 Kf7 31. Rc7+ Kg6 32. Rc6) 30... h5 $19 31. Ke3 Rxc4 32. f3 $2 (32. Bc7) 32... Nxg3 0-1

[Event "CCT Final-RR 2024"]
[Site "Oslo"]
[Date "2024.12.17"]
[Round "2"]
[White "Nepomniachtchi, Ian"]
[Black "Carlsen, Magnus"]
[Result "1/2-1/2"]
[ECO "C50"]
[WhiteElo "2755"]
[BlackElo "2831"]
[Annotator "TA"]
[PlyCount "92"]
[EventDate "2024.12.11"]
[EventType "tourn"]
[EventCountry "NOR"]
[SourceTitle "playchess.com"]
[Source "ChessBase"]
[SourceQuality "1"]
[TimeControl "600+2"]

1. e4 e5 2. Nf3 Nc6 3. Bc4 Bc5 4. d3 Nf6 5. Nc3 h6 6. Be3 Bb6 7. Bxb6 axb6 8. d4 exd4 9. Nxd4 O-O 10. Ndb5 Re8 11. O-O d6 12. Re1 Ne5 13. Bf1 Bd7 14. Qd2 Ng6 15. a4 Bxb5 16. Bxb5 c6 17. Bf1 Qc7 18. Rad1 Rad8 19. f4 (19. g3 $14) 19... Nf8 20. g3 Ne6 21. Bg2 b5 22. axb5 cxb5 23. h3 (23. Bf3 $16) 23... b4 $14 24. Nd5 Nxd5 25. exd5 Qb6+ 26. Kh2 Nc5 27. b3 Nd7 28. g4 Qc5 29. Re2 Rxe2 30. Qxe2 Nf6 31. Qc4 Qxc4 32. bxc4 $11 {[%emt 0:00:01][%mdl 4096] Endgame KRB-KRN} Rc8 33. Bf1 Ne4 34. Kg2 Kf8 35. Rb1 Nc5 36. Rxb4 Ra8 37. Bd3 Ra3 38. g5 (38. Rb6 $14) 38... hxg5 39. fxg5 g6 40. h4 Ra1 41. Rb2 Ke7 42. Be2 Re1 43. Kf2 Rh1 44. Kg3 Re1 45. Kf2 Rh1 46. Kg3 Re1 1/2-1/2